 Dungeon Crawl Stone Soup version 0.30-a0-172-gc5509c9e31 (webtiles) character file.

Game seed: 4555404880523017325

305 qw the Chopper (level 6, -12/37 HPs)
             Began as a Gargoyle Fighter on Oct 1, 2022.
             Mangled by Menkaure (20 damage)
             ... on level 4 of the Dungeon.
             The game lasted 00:00:54 (2717 turns).

qw the Chopper (Gargoyle Fighter)                   Turns: 2717, Time: 00:00:54

Health: -12/37     AC:  6    Str: 21    XL:     6   Next: 39%
Magic:  6/6        EV: 10    Int:  9    God:
Gold:   102        SH:  4    Dex:  9    Spells: 5/5 levels left

rFire   . . .      SeeInvis .    Y - +0 war axe
rCold   . . .      Faith    .    c - +0 buckler
rNeg    + . .      Spirit   .    (no body armour)
rPois   inf        Reflect  .    (no helmet)
rElec   +          Harm     .    (no cloak)
rCorr   .          Rampage  .    m - +0 pair of gloves
Will    +....                    h - +0 pair of boots
Stlth   +.........               (no amulet)
HPRegen 0.26/turn                e - ring of willpower
MPRegen 0.10/turn                (no ring)

@: no status effects
A: sickness immunity, AC +4, negative energy resistance 1, electricity
resistance, torment resistance 1, petrification resistance
a: no special abilities


You were on level 4 of the Dungeon.
You visited 1 branch of the dungeon, and saw 4 of its levels.

You collected 142 gold pieces.
You spent 40 gold pieces at shops.


Innate Abilities, Weirdness & Mutations

You are immune to sickness and miasma.
Your stone body is resilient. (AC +4)
You are immune to poison.
You resist negative energy. (rN+)
You are resistant to electric shocks. (rElec)
You are resistant to unholy torment.
You are immune to petrification.


   Skills:
 - Level 3.2 Fighting
 - Level 6.0 Axes
 - Level 3.2 Armour
 + Level 0.0 Dodging
 - Level 3.2 Shields


You had 5 spell levels left.
You didn't know any spells.
Your spell library was empty.

Inventory:

Hand Weapons
 o - a +0 flail
 Y - a +0 war axe (weapon)
Armour
 a - a +0 chain mail
 b - a +0 scale mail
 c - a +0 buckler (worn)
 h - a +0 pair of boots (worn)
 m - a +0 pair of gloves (worn)
Jewellery
 e - a ring of willpower (left hand)
Scrolls
 j - 2 scrolls of identify
Potions
 d - 2 potions of might
 f - a potion of degeneration {unknown}
 i - a potion of attraction
 l - a potion of curing

Dungeon Overview and Level Annotations

Branches:
Dungeon (4/15)
 Temple: D:4-7

Altars:
Dithmenos
Hepliaklqana
Vehumet
Xom

Shops:
D:3 ?

Annotations:
D:4 Menkaure


Message History

HP restored.
Found a stone staircase leading down.
f - a green potion
Found a shadowy altar of Dithmenos.
Menkaure shouts!
As you open the door, it creaks loudly!
A sky beast comes into view.
A ball python comes into view.
There are monsters nearby!
2707 ||| UPGRADING to +0 chain mail.
The ball python hisses angrily.
You start removing your armour.
You continue taking off your +0 scale mail. x4
You block Menkaure's attack.
You finish taking off your +0 scale mail.
You barely miss Menkaure. Menkaure barely misses you.
You hit Menkaure.
Menkaure is moderately damaged.
Menkaure hits you!
You hit Menkaure but do no damage.
Menkaure is moderately damaged.
You hit the sky beast. You block the sky beast's attack. Menkaure hits you!
The sky beast hits you but does no damage.
You slash Menkaure!
Menkaure is heavily damaged.
You closely miss the sky beast. Menkaure misses you. The sky beast hits you.
The sky beast shocks you. You resist.
You slash Menkaure!
Menkaure is almost destroyed.
You hit the sky beast. The sky beast barely misses you.
You block Menkaure's attack.
You hit Menkaure.
Menkaure is almost destroyed.
You barely miss the sky beast.
The sky beast hits you but does no damage.
Menkaure hits you!!
Ouch! That really hurt!
You die...

#.# ##.. ##+# #.#
#... .... #.# ##.#.
###.. #.# ##..#.
##....### #.####..##.
........# #.##...###.
#######.######.#..###
. #.....#..........##
. #.....#@......####
. #.._..MY###>.....#
#.$$.$#S# ######.#
#.....#.# # #######.#
........# ......#.#
......#.#


You could see a sky beast, Menkaure and a ball python.

Vanquished Creatures
  Sigmund (D:4)
  A scorpion (D:4)
  4 adders
  3 dart slugs
  8 ball pythons
  5 bats
  2 endoplasms
  4 giant cockroaches
  7 goblins
  5 hobgoblins
  3 jackals (D:4)
  5 frilled lizards
  3 kobolds
  4 rats
55 creatures vanquished.

Notes
Turn   | Place    | Note
-------+----------+-------------------------------------------
     0 | D:1      | qw the Gargoyle Fighter began the quest for the Orb.
     0 | D:1      | Reached XP level 1. HP: 14/14 MP: 1/1
     0 | D:1      | 0 ||| qw: Version: 0.2-a-13-gfc7b4b4
     0 | D:1      | 0 ||| qw: Game counter: 1780
     0 | D:1      | 0 ||| qw: Always use a shield: true
     0 | D:1      | 0 ||| qw: God list: Okawaru
     0 | D:1      | 0 ||| qw: Allow faded altars: false
     0 | D:1      | 0 ||| qw: Do Orc after D:15 true
     0 | D:1      | 0 ||| qw: Do second Lair branch before Depths: true
     0 | D:1      | 0 ||| qw: Lair rune preference: random
     0 | D:1      | 0 ||| qw: Plans: Normal, Zot:1-4, God:TSO, Crypt, Tomb,
                  | Pan, Slime:5, Hells, Abyss, Orb
     0 | D:1      | 0 ||| PLANNING D:1-11
    63 | D:1      | Reached skill level 2 in Axes
   221 | D:1      | 221 ||| Stepping ~*~*~tactically~*~*~ (stealth).
   222 | D:1      | 222 ||| Stepping ~*~*~tactically~*~*~ (stealth).
   223 | D:1      | 223 ||| Stepping ~*~*~tactically~*~*~ (stealth).
   224 | D:1      | 224 ||| Stepping ~*~*~tactically~*~*~ (stealth).
   228 | D:1      | Reached XP level 2. HP: 19/19 MP: 2/2
   395 | D:1      | 395 ||| Stepping ~*~*~tactically~*~*~ (stealth).
   397 | D:1      | 397 ||| Stepping ~*~*~tactically~*~*~ (hiding).
   642 | D:1      | Reached skill level 3 in Axes
   830 | D:1      | 830 ||| UPGRADING to +0 pair of boots.
   835 | D:1      | 835 ||| READING scroll labelled CEMEQE KAUPI.
   836 | D:1      | 836 ||| READING scroll labelled OQETUDIUBA.
   918 | D:2      | Reached XP level 3. HP: 23/23 MP: 3/3
   964 | D:2      | 964 ||| DROPPING +0 club.
  1061 | D:2      | 1061 ||| Stepping ~*~*~tactically~*~*~ (stealth).
  1062 | D:2      | 1062 ||| Stepping ~*~*~tactically~*~*~ (stealth).
  1073 | D:2      | Reached XP level 4. HP: 28/28 MP: 4/4
  1357 | D:2      | Reached skill level 4 in Axes
  1541 | D:2      | 1541 ||| Stepping ~*~*~tactically~*~*~ (stealth).
  1542 | D:2      | 1542 ||| Stepping ~*~*~tactically~*~*~ (stealth).
  1834 | D:2      | 1834 ||| UPGRADING to ring of willpower.
  1835 | D:2      | 1835 ||| READING scroll labelled MEPTOUSTRUG.
  1836 | D:2      | 1836 ||| READING 2 scrolls of identify.
  1836 | D:2      | 1836 ||| IDENTIFYING smoky yellow potion
  1837 | D:2      | 1837 ||| DROPPING potion of brilliance.
  1896 | D:3      | Found Pearegg's Magic Scroll Shop.
  1913 | D:3      | 1913 ||| BUYING scroll of identify (20 gold).
  1913 | D:3      | Bought a scroll of identify for 20 gold pieces
  1913 | D:3      | 1913 ||| BUYING scroll of identify (20 gold).
  1913 | D:3      | Bought a scroll of identify for 20 gold pieces
  1913 | D:3      | 1913 ||| SHOPLISTING scroll of teleportation (30 gold, have
                  | 29).
  1972 | D:3      | 1972 ||| Stepping ~*~*~tactically~*~*~ (hiding).
  1975 | D:3      | 1975 ||| Stepping ~*~*~tactically~*~*~ (hiding).
  2047 | D:3      | Found a hazy altar of Hepliaklqana.
  2216 | D:3      | Found a shimmering altar of Xom.
  2216 | D:3      | Found a shimmering altar of Xom.
  2216 | D:3      | Found a shimmering altar of Xom.
  2218 | D:3      | Found a shimmering altar of Xom.
  2283 | D:3      | 2283 ||| DROPPING +0 whip.
  2292 | D:3      | Found a radiant altar of Vehumet.
  2454 | D:3      | 2454 ||| UPGRADING to +0 pair of gloves.
  2459 | D:3      | 2459 ||| READING 3 scrolls labelled ANIYRAWYIRO.
  2460 | D:3      | 2460 ||| READING scroll labelled PIGUST SUAMEUJ.
  2461 | D:3      | 2461 ||| READING 2 scrolls labelled FAOSEA AD ILIR.
  2462 | D:3      | 2462 ||| READING scroll labelled JEAH NUKE.
  2463 | D:3      | 2463 ||| DRINKING 2 emerald potions.
  2464 | D:3      | 2464 ||| READING 3 scrolls of identify.
  2464 | D:3      | 2464 ||| IDENTIFYING sedimented yellow potion
  2465 | D:3      | 2465 ||| DROPPING 2 scrolls of amnesia.
  2466 | D:3      | 2466 ||| DROPPING scroll of fear.
  2521 | D:4      | Noticed a scorpion
  2530 | D:4      | Killed a scorpion
  2531 | D:4      | Reached XP level 5. HP: 27/32 MP: 5/5
  2661 | D:4      | Noticed Sigmund
  2662 | D:4      | 2662 ||| Stepping ~*~*~tactically~*~*~ (hiding).
  2672 | D:4      | Killed Sigmund
  2673 | D:4      | Reached skill level 6 in Axes
  2673 | D:4      | Reached XP level 6. HP: 35/37 MP: 6/6
  2702 | D:4      | Found a shadowy altar of Dithmenos.
  2704 | D:4      | Noticed Menkaure
  2706 | D:4      | Noticed a sky beast
  2707 | D:4      | 2707 ||| UPGRADING to +0 chain mail.
  2715 | D:4      | HP: 9/37 [sky beast (4)]
  2717 | D:4      | Mangled by Menkaure

Levels and vault maps discovered:
D:1:      kennysheep_arrival_seaside, layout_loops_cross, minmay_pentomino_r2
D:2:      layout_loops_corners, dreamdust_ecumenical_altar_hidden_monk_grotto,
          uniq_crazy_yiuf_cottage
D:3:      layout_loops_ring, mainiacjoe_overflow_catwalk, xom_redecorated,
          mainiacjoe_overflow_six_doors_small, serial_shops, nicolae_shop_trees
D:4:      layout_basic, amcnicky_altar_gilded, minmay_temple_entry_grid,
          minmay_cupped, uniq_grinder, uniq_menkaure, uniq_edmund, uniq_sigmund

Skill      XL: |  1  2  3  4  5 |
---------------+----------------+-----
Axes           | 2 3 4 6 |  6.0
Fighting       | |  3.2
Armour         | |  3.2
Shields        | |  3.2

Action                   |  1- 3 |  4- 6 || total
-------------------------+-------+-------++-------
Melee: War axe           |    73 |    90 ||   163
  Use: Scroll            |     2 |     7 ||     9
       Potion            |       |     1 ||     1
Armor: Scale mail        |    36 |    40 ||    76
       Skin              |       |     2 ||     2
Dodge: Dodged            |    32 |    32 ||    64
Block: Buckler           |    14 |    17 ||    31

Table legend:
 A = Non-vault XP
 B = Vault XP
 C = Vault XP percentage of total XP
 D = Non-vault monster count
 E = Vault monster count
 F = Vault count percentage of total count
                 A         B        C        D         E       F
            +---------+---------+-------+---------+---------+-------
      Total |     220 |     216 |  49.5 |      53 |       2 |   3.6
            +---------+---------+-------+---------+---------+-------
        D:1 |      28 |       2 |   6.7 |      13 |       1 |   7.1
        D:2 |      76 |       0 |   0.0 |      25 |       0 |   0.0
        D:3 |      26 |       0 |   0.0 |      10 |       0 |   0.0
        D:4 |      90 |     214 |  70.4 |       5 |       1 |  16.7
            +---------+---------+-------+---------+---------+-------
